 Dungeon Crawl Stone Soup version 0.29.1-1-gd02db6906a (webtiles) character file.

Game seed: 14840008846344132395

114 vvl the Stinger (level 4, -4/21 (32) HPs)
             Began as a Demonspawn Venom Mage on Oct 6, 2022.
             Slain by a necrophage (7 damage)
             ... on level 2 of the Dungeon.
             The game lasted 00:03:52 (2946 turns).

vvl the Stinger (Demonspawn Venom Mage)             Turns: 2946, Time: 00:03:52

HP:   -4/21 (32)    AC:  5    Str:  8    XL:     4   Next: 66%
MP:   7/7           EV: 12    Int: 18    God:
Gold: 50            SH:  5    Dex: 14    Spells: 7/8 levels left

rFire   . . .      SeeInvis .   s - +0 dagger (venom)
rCold   . . .      Faith    .   (no shield)
rNeg    . . .      Spirit   .   q - +0 ring mail
rPois   .          Reflect  +   (no helmet)
rElec   .          Harm     .   (no cloak)
rCorr   .          Rampage  .   (no gloves)
Will    .....                   (no boots)
Stlth   +.........              g - amulet of reflection
HPRegen 0.07/turn               (no ring)
MPRegen 0.10/turn               (no ring)

@: very heavily drained
A: repulsion field 1, demonic magic 1
a: no special abilities


You were on level 2 of the Dungeon.
You visited 1 branch of the dungeon, and saw 2 of its levels.

You collected 50 gold pieces.

Inventory:

Hand Weapons
 s - a +0 dagger of venom (weapon)
Armour
 q - a +0 ring mail (worn)
Jewellery
 c - an amulet of guardian spirit
 g - an amulet of reflection (around neck)
Scrolls
 a - a scroll of amnesia {unknown}
 d - a scroll of vulnerability {unknown}
 f - 2 scrolls of enchant armour {unknown}
 i - 3 scrolls of identify {unknown}
 j - a scroll of brand weapon {unknown}
 k - a scroll of immolation {unknown}
 l - a scroll of blinking {unknown}
 o - a scroll of poison {unknown}
Potions
 b - a potion of magic
 e - 3 potions of curing {unknown}
 m - a potion of ambrosia {unknown}
 n - a potion of flight {unknown}


   Skills:
 + Level 1.6 Fighting
 + Level 2.2 Dodging
 - Level 2.0 Stealth
 + Level 2.5 Spellcasting
 + Level 1.7 Transmutations
 * Level 4.0 Poison Magic


You had 7 spell levels left.
You knew the following spells:

 Your Spells              Type           Power      Damage    Failure   Level
a - Sting                 Tmut/Pois      48%        1d5       17%         1

Your spell library contained the following spells:

 Spells                   Type           Power      Damage    Failure   Level
 Poisonous Vapours        Pois/Air       18%        N/A       34%         2
 Magic Dart               Conj           8%         1d3       47%         1
 Call Imp                 Summ           2%         N/A       63%         2
 Mephitic Cloud           Conj/Pois/Air  7%         N/A       67%         3
 Olgreb's Toxic Radiance  Pois           16%        N/A       71%         4


Dungeon Overview and Level Annotations

Branches:
Dungeon (2/15)

Altars:


Innate Abilities, Weirdness & Mutations

You are surrounded by a mild repulsion field. (EV +2)
Spells you cast may paralyse adjacent enemies.


Message History

The necrophage hits you.
You hit the necrophage.
The necrophage is moderately damaged.
The necrophage hits you but does no damage.
You hit the necrophage.
The necrophage is moderately damaged.
You block the necrophage's attack.
You hit the necrophage but do no damage.
The necrophage is moderately damaged.
You block the necrophage's attack.
You hit the necrophage but do no damage.
The necrophage is moderately damaged.
The necrophage hits you.
You feel drained.
You hit the necrophage but do no damage.
The necrophage is moderately damaged.
The necrophage hits you.
You hit the necrophage.
The necrophage is moderately damaged.
The necrophage hits you but does no damage.
You hit the necrophage.
The necrophage is heavily damaged.
The necrophage hits you.
You feel drained.
You closely miss the necrophage.
The necrophage is heavily damaged.
You block the necrophage's attack.
You hit the necrophage.
The necrophage is heavily damaged.
The necrophage misses you.
You closely miss the necrophage.
The necrophage is heavily damaged.
The necrophage misses you.
You closely miss the necrophage.
The necrophage is heavily damaged.
The necrophage hits you.
* * * LOW HITPOINT WARNING * * *
You feel drained.
You hit the necrophage but do no damage.
The necrophage is heavily damaged.
The necrophage hits you!
You die...

.#..#.....#..# #.#
.####.....#### #.#
.#..#.....#.†# #.#
.#..'.....'..# #.#
.####'###'#### #.#
.####..#..########.#####
....#.÷'..#............#
....##############.###.#
...............n@..# #.#
.#####'#.########..# #.#
.+.....#.#.. #..# #.#
.#######.#.# #.<# #.# ##
#.#.# #.####.##
#######.#.# #.......#
#......)..####.#########
#................
#..$.....#####.#.


You could see a necrophage.

Vanquished Creatures
  6 adders (D:2)
  3 worms (D:2)
  2 dart slugs (D:1)
  6 endoplasms
  A giant cockroach (D:1)
  2 goblins (D:2)
  4 hobgoblins
  A quokka (D:1)
  11 ball pythons
  5 bats
  5 kobolds (D:1)
  3 rats
49 creatures vanquished.

Notes
Turn   | Place    | Note
-------+----------+-------------------------------------------
     0 | D:1      | vvl the Demonspawn Venom Mage began the quest for the Orb.
     0 | D:1      | Reached XP level 1. HP: 13/13 MP: 3/3
   195 | D:1      | Reached skill level 1 in Transmutations
   363 | D:1      | Gained mutation: Spells you cast may paralyse adjacent
                  | enemies. [demonic ancestry]
   363 | D:1      | Reached XP level 2. HP: 19/19 MP: 3/5
   633 | D:1      | Found a faded altar of an unknown god.
  1120 | D:2      | Reached skill level 1 in Fighting
  1120 | D:2      | Gained mutation: You are surrounded by a mild repulsion
                  | field. (EV +2) [demonic ancestry]
  1120 | D:2      | Reached XP level 3. HP: 13/26 MP: 4/6
  2293 | D:2      | Reached XP level 4. HP: 32/32 MP: 5/7
  2805 | D:2      | Reached skill level 4 in Poison Magic
  2902 | D:2      | Noticed a necrophage
  2946 | D:2      | Slain by a necrophage

Illustrated notes

Levels and vault maps discovered:
D:1:      tarquinn_simple_flora_water_f, layout_basic,
          dreamdust_ecumenical_altar_angels_and_demons
D:2:      layout_basic, minmay_snake_closets

Skill      XL: |  1  2  3  4 |
---------------+-------------+-----
Transmutations | 1 |  1.7
Dodging        | 2 |  2.2
Stealth        | 2 |  2.0
Fighting       | 1 |  1.6
Poison Magic   | 4 |  4.0
Spellcasting   | |  2.5

Action                   |  1- 3 |  4- 6 || total
-------------------------+-------+-------++-------
Melee: Unarmed           |    32 |       ||    32
       Short sword       |    36 |    32 ||    68
       Dagger            |       |    20 ||    20
 Cast: Sting             |    49 |    24 ||    73
  Use: Potion            |       |     2 ||     2
 Stab: Paralysed         |     3 |     6 ||     9
       Sleeping          |     1 |       ||     1
Armor: Robe              |    18 |       ||    18
       Ring mail         |       |    10 ||    10
Dodge: Dodged            |    62 |    19 ||    81
Block: Other             |     9 |     6 ||    15
